Map: Acid Plant LE

Players

Bunny - Winner!

  • Race: Terran Terran
  • League: Diamond
  • Spawn Location: 11:00

HellraiseR

  • Race: Protoss Protoss
  • League: Master
  • Spawn Location: 5:00

Event: HomeStory Cup XVIII

VOD

Have the link to the VOD?

Description

Time

  • Played on: Nov. 23, 2018, 6:34 a.m.
  • Length: 7:40

All games in this series

Show
View Real Time Build Order
Export as new Build Order

Bunny Terran - Winner!

Build Orders: Reaper Expand 

Get SALT Encoding   

  12  0:00  SCV  
  13  0:12  SCV  
  14  0:17  Supply Depot  
  14  0:24  SCV  
  15  0:38  SCV  
  15  0:40  Barracks  
  16  0:43  Refinery  
  16  0:50  SCV  
  17  1:03  SCV  
  18  1:15  SCV  
  19  1:27  Reaper, Orbital Command  
  20  1:42  Command Center  
  20  1:52  SCV  
  20  1:53  Supply Depot  
  21  1:59  Marine  
  22  2:04  SCV  
  23  2:09  Factory  
  23  2:16  SCV  
  23  2:19  Refinery  
  23  2:21  Barracks Reactor  
  24  2:28  SCV  
  25  2:30  Barracks  
  25  2:40  SCV  
  26  2:53  SCV  
  26  2:55  Factory Tech Lab, Orbital Command  
  26  2:57  Marine  
  26  2:58  Marine  
  29  3:05  SCV  
  30  3:13  Cyclone  
  30  3:15  Marine x2  
  30  3:17  SCV  
  30  3:18  Barracks Tech Lab  
  36  3:20  SCV  
  36  3:26  Supply Depot  
  36  3:29  SCV  
  36  3:32  SCV  
  36  3:33  Marine x2  
  40  3:37  Marine, Stimpack  
  41  3:43  SCV  
  41  3:45  Widow Mine, SCV  
  45  3:55  Marine x3  
  48  3:56  SCV  
  48  3:57  SCV  
  48  3:59  Engineering Bay  
  48  4:01  Supply Depot  
  50  4:03  Bunker  
  50  4:08  SCV  
  50  4:09  SCV  
  52  4:15  Barracks  
  52  4:17  Starport, Factory Reactor  
  52  4:20  SCV  
  52  4:22  SCV  
  54  4:30  Marine x2, Marauder  
  58  4:35  Terran Infantry Weapons Level 1  
  58  4:36  Supply Depot  
  58  4:37  SCV  
  58  4:38  SCV  
  60  4:48  Marine x2  
  60  4:50  SCV x2  
  61  4:56  Supply Depot x2  
  61  4:57  Marauder  
  63  5:01  Medivac x2  
  63  5:03  Refinery  
  63  5:05  Marauder  
  69  5:07  SCV  
  70  5:15  Supply Depot, Marine  
  70  5:17  Refinery  
  70  5:18  Marine, SCV  
  70  5:19  SCV  
  73  5:22  Factory Reactor  
  73  5:23  Marine  
  73  5:26  Marine  
  73  5:28  Combat Shield  
  75  5:33  Marine  
  76  5:37  Marine  
  76  5:38  SCV x2  
  76  5:41  Supply Depot  
  79  5:46  Marauder x2  
  83  5:51  Marine  
  83  5:52  Missile Turret  
  83  5:53  Missile Turret  
  83  5:55  Medivac  
  85  6:00  Widow Mine x2  
  88  6:08  Marauder x2  
  88  6:09  Marine  
  89  6:11  SCV x2  
  91  6:26  Marine  
  91  6:27  Marine, Medivac  
  91  6:29  Marauder  
  93  6:33  Medivac  
  93  6:36  Marauder  
  93  6:37  Supply Depot  
  94  6:44  SCV x2  
  94  6:46  Widow Mine x2  
  89  6:47  Concussive Shells  
  89  6:48  Marine  
  89  6:49  Marine  
  91  6:57  Medivac  
  93  7:02  Marauder x2  
  93  7:03  Medivac  
  93  7:06  Marine  
  100  7:09  Widow Mine x2  
  100  7:13  Supply Depot  
  104  7:18  Marine  
  105  7:27  Supply Depot  
Show
View Real Time Build Order
Export as new Build Order

HellraiseR Protoss 

Build Orders: 1 Gate Expand 

Get SALT Encoding   

  12  0:01  Probe  
  13  0:13  Probe  
  14  0:17  Pylon  
  14  0:22  Probe  
  15  0:31  Probe  
  15  0:38  Gateway  
  15  0:41  Probe  
  16  0:48  Assimilator  
  17  0:54  Probe  
  18  1:06  Probe  
  19  1:24  Nexus  
  19  1:26  Probe  
  20  1:35  Cybernetics Core  
  20  1:38  Probe  
  21  1:44  Assimilator  
  21  1:50  Probe  
  22  1:54  Pylon  
  22  1:59  Probe  
  22  2:03  Adept  
  23  2:08  Probe  
  23  2:12  Warp Gate  
  26  2:18  Probe  
  27  2:30  Stalker, Probe  
  30  2:38  Probe, Robotics Facility  
  31  2:45  Probe  
  31  2:47  Probe  
  33  2:55  Probe  
  33  2:57  Probe  
  34  3:00  Stalker  
  37  3:07  Probe  
  37  3:09  Probe  
  39  3:16  Warp Prism  
  40  3:21  Probe  
  42  3:31  Gateway x2  
  42  3:32  Probe  
  42  3:34  Probe  
  42  3:39  Pylon  
  43  3:44  Probe  
  43  3:46  Probe  
  45  3:50  Twilight Council  
  45  3:52  Observer  
  46  3:57  Probe  
  46  3:58  Probe  
  46  4:02  Pylon  
  48  4:09  Probe  
  49  4:10  Probe  
  49  4:14  Pylon  
  49  4:16  Stalker  
  52  4:17  Observer  
  52  4:21  Probe  
  52  4:23  Assimilator  
  54  4:29  Stalker x2  
  56  4:32  Dark Shrine, Probe  
  56  4:34  Probe  
  58  4:44  Probe  
  58  4:46  Probe  
  57  4:58  Stalker  
  61  5:00  Charge  
  61  5:03  Gateway  
  61  5:04  Gateway  
  61  5:05  Gateway  
  61  5:06  Gateway  
  59  5:08  Observer  
  59  5:09  Gateway  
  59  5:16  Probe  
  60  5:27  Nexus  
  60  5:31  Pylon, Forge  
  60  5:36  Probe x2  
  62  5:44  Dark Templar x2  
  62  5:46  Stalker  
  68  5:52  Probe  
  68  5:53  Probe  
  70  5:59  Warp Prism  
  70  6:01  Stalker x2  
  74  6:04  Probe  
  73  6:14  Zealot x2  
  73  6:16  Pylon  
  71  6:26  Probe  
  71  6:29  Probe  
  62  6:35  Zealot x2  
  62  6:36  Zealot  
  62  6:38  Probe x2  
  66  6:41  Probe  
  55  6:50  Probe  
  55  6:51  Probe  
  55  6:52  Pylon, Probe  
  58  6:58  Probe  
  58  7:00  Probe  
  58  7:03  Probe  
  58  7:06  Probe  
  61  7:08  Probe  
  61  7:12  Sentry x2  
  61  7:15  Probe  
  68  7:17  Observer, Probe  
  68  7:20  Probe  
  68  7:22  Zealot x2  
  75  7:27  Zealot x2, Probe  
  81  7:33  Stalker  
  81  7:34  Zealot  
Tags
 
Add a new tag
Caveats
  • Supply blocks, unpowered buildings, or Contaminate may cause inaccurate times.
  • Supply counts are checked every 10 seconds.